AoeStats
← Marbas

Arena

507871428Analyzed
1v1 RM · 12d ago on Sep 20, 2026· 41m 14s· 2 players
Game mode
Random Map
Map size
Tiny (2 player)
Population
200
Speed
Normal
Resources
Standard
Victory
Conquest
Starting age
Dark Age
Ending age
Imperial Age
RankedLock teamsTeams togetherTeam positionsShared explorationLock speedFull tech treeHidden civsTurbo modeCheats
Victory
Defeat
🇷🇺 Turks · Russia
1789
+13
🇦🇷 Teutons · Argentina
1731
-13
Marbas
3:23 Loom
10:53 Feudal Age
10:28 Loom
13:54 Double-Bit Axe
13:49 Horse Collar
18:55 Castle Age
20:11 Bow Saw
21:00 Gold Mining
29:25 Stone Mining
32:27 Wheelbarrow
31:37 Town Watch
32:48 Devotion
33:29 Heavy Plow
34:20 Fletching
37:29 Imperial Age
35:16 Husbandry
35:57 Gold Shaft Mining
36:12 Padded Archer Armor
36:27 Bloodlines
37:18 Masonry
37:21 Scale Barding Armor
38:49 Architecture
39:54 Chain Barding Armor
CeCa_Mascherano014
6:24 Loom
8:45 Feudal Age
9:23 Double-Bit Axe
10:06 Town Watch
14:45 Fletching
22:23 Horse Collar
27:32 Castle Age
27:23 Forging
28:17 Bloodlines
28:21 Bodkin Arrow
30:50 Guard Tower
32:05 Wheelbarrow
35:41 Imperial Age
33:30 Stone Mining
35:22 Masonry
35:32 Gold Mining
35:53 Bow Saw
37:31 Chemistry
38:07 Redemption
39:18 Conscription
39:48 Block Printing
40:43 Fervor
40:53 Sanctity
Connection lost

Rejoining the realm…

Still unreachable

The connection could not be restored.

Session expired

The server has moved on; the page needs a fresh start.